AoeStats
← montes_503

Arena

509285123Analyzed
4v4 RM · 4d ago on Sep 26, 2026· 48m 23s· 8 players
Game mode
Random Map
Map size
Large (8 player)
Population
200
Speed
Normal
Resources
Standard
Victory
Conquest
Starting age
Dark Age
Ending age
Imperial Age
RankedLock teamsTeams togetherTeam positionsShared explorationLock speedFull tech treeHidden civsTurbo modeCheats
Victory
Defeat
🇨🇳 Saracens · China
958
+9
🇲🇽 Khmer · Mexico
912
+10
🇨🇳 Magyars · China
896
+11
🇦🇺 Turks · Australia
877
+12
🇲🇽 Britons · Mexico
828
-12
🇲🇽 Romans · Mexico
808
-11
🇲🇽 Italians · Mexico
776
-10
🇲🇽 Franks · Mexico
730
-9
resistancejohnconner
2:40 Loom
10:14 Feudal Age
15:10 Castle Age
14:33 Gold Mining
16:43 Gold Shaft Mining
16:25 Horse Collar
17:09 Double-Bit Axe
18:43 Bow Saw
19:45 Wheelbarrow
19:45 Heavy Plow
23:33 Hand Cart
30:32 Imperial Age
29:37 Padded Archer Armor
29:27 Fletching
30:41 Leather Archer Armor
30:54 Bodkin Arrow
35:10 Bombard Tower
35:55 Ring Archer Armor
38:36 Bracer
38:45 Thumb Ring
派大宝
3:29 Loom
11:10 Feudal Age
16:46 Castle Age
16:42 Loom
18:24 Double-Bit Axe
18:21 Horse Collar
25:03 Wheelbarrow
31:04 Imperial Age
28:47 Fletching
29:21 Gold Mining
29:23 Stone Mining
29:46 Bow Saw
29:38 Heavy Plow
29:50 Bodkin Arrow
30:58 Hand Cart
31:50 Ballistics
31:44 Bloodlines
31:48 Forging
31:44 Scale Barding Armor
32:44 Conscription
33:02 Gold Shaft Mining
33:51 Two-Man Saw
34:07 Chemistry
33:12 Husbandry
33:34 Town Watch
34:50 Iron Casting
33:43 Light Cavalry
34:55 Town Patrol
35:20 Chain Barding Armor
35:12 Masonry
34:49 Elite Mameluke
37:12 Bimaristan
37:38 Hussar
40:15 Blast Furnace
39:51 Plate Barding Armor
45:05 Siege Engineers
把人生埋在四季
11:16 Feudal Age
12:20 Loom
16:02 Castle Age
14:14 Double-Bit Axe
14:11 Horse Collar
18:31 Bow Saw
22:18 Heavy Plow
23:30 Wheelbarrow
25:30 Fletching
26:13 Hand Cart
26:30 Stone Mining
26:31 Gold Mining
27:17 Scale Barding Armor
27:46 Corvinian Army
28:41 Ballistics
28:33 Bloodlines
28:24 Husbandry
31:13 Imperial Age
30:25 Masonry
29:43 Light Cavalry
30:20 Bodkin Arrow
30:48 Chain Barding Armor
30:24 Bodkin Arrow
32:58 Conscription
33:25 Plate Barding Armor
32:46 Heavy Cavalry Archer
34:51 Chemistry
34:21 Elite Magyar Huszar
36:27 Recurve Bow
38:01 Parthian Tactics
38:50 Gold Shaft Mining
41:12 Thumb Ring
42:52 Bracer
42:53 Padded Archer Armor
44:25 Crop Rotation
45:00 Two-Man Saw
dafr1997
10:02 Feudal Age
13:51 Castle Age
12:27 Double-Bit Axe
12:27 Horse Collar
13:02 Gold Mining
15:36 Loom
19:38 Husbandry
21:37 Bloodlines
23:25 Redemption
23:39 Bow Saw
24:23 Heavy Plow
25:11 Wheelbarrow
26:41 Hand Cart
28:45 Scale Barding Armor
28:52 Forging
29:35 Loom
29:36 Town Watch
30:48 Town Patrol
32:12 Chain Barding Armor
33:22 Fervor
34:46 Sanctity
37:50 Iron Casting
42:59 Imperial Age
42:14 Scale Mail Armor
44:55 Blast Furnace
44:31 Plate Barding Armor
44:13 Chain Mail Armor
44:54 Heavy Scorpion
44:55 Capped Ram
45:39 Elite Battle Elephant
46:55 Crop Rotation
48:26 Theocracy
48:17 Illumination
47:49 Herbal Medicine
48:58 Tusk Swords
49:21 Conscription
Kcire_zr
0:36 Loom
10:53 Feudal Age
12:37 Man-at-Arms
14:01 Double-Bit Axe
14:04 Horse Collar
21:51 Castle Age
19:55 Gold Mining
19:59 Stone Mining
20:47 Scale Mail Armor
22:09 Forging
22:46 Squires
24:04 Iron Casting
23:31 Long Swordsman
24:57 Bloodlines
27:10 Fletching
31:51 Imperial Age
29:36 Padded Archer Armor
31:34 Ballistas
38:26 Husbandry
37:53 Legionary
39:06 Scale Barding Armor
rafa08slayer
0:41 Loom
11:21 Feudal Age
18:09 Castle Age
17:18 Double-Bit Axe
20:09 Bow Saw
21:05 Husbandry
21:23 Gold Mining
23:27 Wheelbarrow
23:58 Murder Holes
26:42 Stone Mining
29:44 Ballistics
29:36 Scale Barding Armor
32:33 Ordonnance Companies
36:17 Imperial Age
35:58 Hand Cart
36:51 Forging
36:33 Cavalier
37:46 Elite Throwing Axeman
40:20 Chemistry
42:14 Chivalry
42:17 Paladin
45:02 Chain Barding Armor
memito101091
1:00 Loom
10:45 Feudal Age
13:56 Wheelbarrow
13:35 Double-Bit Axe
20:30 Castle Age
19:27 Scale Barding Armor
21:36 Bow Saw
21:07 Crossbowman
23:02 Horse Collar
23:32 Stone Mining
26:09 Heavy Plow
26:08 Fletching
27:03 Gold Mining
29:45 Ballistics
30:16 Padded Archer Armor
30:25 Town Watch
32:04 Pikeman
33:50 Thumb Ring
36:46 Imperial Age
35:00 Leather Archer Armor
35:42 Elite Skirmisher
36:59 Husbandry
37:02 Bodkin Arrow
37:29 Chain Barding Armor
38:35 Chemistry
41:04 Murder Holes
montes_503
1:20 Loom
2:13 Loom
10:50 Feudal Age
12:18 Wheelbarrow
11:30 Double-Bit Axe
11:27 Horse Collar
22:24 Castle Age
21:32 Stone Mining
22:33 Padded Archer Armor
22:24 Fletching
24:00 Hand Cart
24:23 Leather Archer Armor
24:04 Bodkin Arrow
26:50 Bow Saw
26:47 Heavy Plow
33:45 Imperial Age
33:56 Elite Longbowman
36:35 Light Cavalry
37:49 Capped Ram
39:36 Yeomen
39:42 Scale Barding Armor
39:49 Forging
41:38 Ring Archer Armor
41:09 Bracer
42:36 Pikeman
43:16 Squires
43:49 Halberdier
Connection lost

Rejoining the realm…

Still unreachable

The connection could not be restored.

Session expired

The server has moved on; the page needs a fresh start.